 Dungeon Crawl Stone Soup version 0.16-a0-253-g996e5b4 (webtiles) character file.

1813 Afay the Nimble (level 9, 0/67 HPs)
             Began as a Merfolk Transmuter on Aug 23, 2014.
             Was a Believer of Makhleb.
             Slain by a killer bee (1 damage)
             ... on Level 7 of the Dungeon.
             The game lasted 00:30:15 (8573 turns).

Afay the Nimble (Merfolk Transmuter)                Turns: 8573, Time: 00:30:15

HP   0/67        AC  7     Str 11      XL: 9   Next: 10%
MP  19/19        EV 17     Int 15      God: Makhleb [**....]
Gold 204         SH  0     Dex 14      Spells:  2 memorised, 12 levels left

rFire  . . .     SeeInvis .       - Unarmed
rCold  . . .     Clarity  .     G - +1 robe {MR+}
rNeg   + . .     rCorr    .     (no shield)
rPois  +         rRot     .     o - +0 helmet
rElec  .         Spirit   .     w - +2 cloak
SustAb .         Warding  +     (no gloves)
rMut   .         Stasis   .     (no boots)
Gourm  .                        D - amulet of warding
MR     +....                    u - +2 ring of slaying
                                l - ring of poison resistance

@: lethally poisoned, somewhat resistant to hostile enchantments, unstealthy
A: change form in water, swift swim
a: Minor Destruction, Renounce Religion


You were on level 7 of the Dungeon.
You worshipped Makhleb.
Makhleb was pleased with you.
You were very hungry.

You visited 2 branches of the dungeon, and saw 8 of its levels.

You collected 304 gold pieces.
You spent 100 gold pieces at shops.

Inventory:

Missiles
 b - 30 arrows
Armour
 o - a +0 helmet (worn)
 w - a +2 cloak (worn)
 G - a +1 robe of magic resistance (worn)
Magical devices
 c - a wand of disintegration (15) {unknown}
Comestibles
 a - 6 bread rations
 j - 10 fruits
 s - a meat ration
Scrolls
 e - 5 scrolls of remove curse
 i - a scroll of magic mapping
 n - a scroll of immolation
 x - a scroll of amnesia {unknown}
 y - a scroll of identify
 z - a scroll of fog {unknown}
 B - a scroll of random uselessness {unknown}
 C - a scroll of noise {unknown}
 E - a scroll of enchant weapon {unknown}
Jewellery
 l - a ring of poison resistance (left hand)
 r - an uncursed ring of fire {unknown}
 u - a +2 ring of slaying (right hand)
 D - an amulet of warding (around neck)
Potions
 f - 3 potions of restore abilities
 g - a potion of magic
 h - a potion of brilliance
 k - a potion of cure mutation {unknown}
 m - a potion of resistance {unknown}
 p - a potion of curing {unknown}
 q - a potion of lignification {unknown}
 t - a potion of berserk rage {unknown}
 A - a potion of poison {unknown}
Books
 d - a book of Changes

   Spells                             Type                      Level
   *Beastly Appendage                 Transmutation                1
   Sticks to Snakes                   Transmutation                2
   *Spider Form                       Transmutation/Poison         3
   Ice Form                           Ice/Transmutation            4
   Blade Hands                        Transmutation                5


   Skills:
 + Level 4.8 Fighting
 * Level 8.9 Dodging
 + Level 2.6 Stealth
 + Level 5.2 Unarmed Combat
 + Level 4.0 Spellcasting
 * Level 7.1 Transmutations
 + Level 3.0 Poison Magic


You had 12 spell levels left.
You knew the following spells:

 Your Spells              Type           Power        Failure   Level  Hunger
a - Beastly Appendage     Trmt           ###...       1%          1    None
b - Spider Form           Trmt/Pois      ###.......   10%         3    ###....


Dungeon Overview and Level Annotations

Branches:
Dungeon (7/15)             Temple (1/1) D:5

Altars:
Ashenzari
Cheibriados
Elyvilon
Kikubaaqudgha
Makhleb
Okawaru
Qazlal
Vehumet
Xom
Yredelemnul
Zin
The Shining One

Shops:
D:4 =:   D:5 *


Message History

You feel sick. The killer bee closely misses you.
The killer bee closely misses you.
You miss the killer bee.
The killer bee is moderately wounded.
The killer bee barely misses you. x2
You barely miss the killer bee.
The killer bee is moderately wounded.
The killer bee completely misses you. x2
You miss the killer bee.
The killer bee is moderately wounded.
You feel sick.
The killer bee stings you but does no damage.
You miss the killer bee.
The killer bee is moderately wounded.
The killer bee closely misses you. The killer bee stings you!
* * * LOW HITPOINT WARNING * * *
You miss the killer bee.
The killer bee is moderately wounded.
The killer bee misses you. The killer bee stings you.
You die...

....#........#......##........#
....#........#......##........#
#####........#......##........
##########......##........ ###
## #......########## ...
....####(#### ### ............#
.......y)...# ........@...#
.......%....# .?.........#
...........# ...........#
###..#.###. ##.#.# .# #.#.# #.#


You could see a killer bee.

Vanquished Creatures
  3 orc warriors
  An ice beast (D:5)
  The ghost of PolkaDot the Insei, an average DrTm (D:3)
  Blork the orc (D:5)
  A giant frog (D:5)
  2 scorpions
  2 killer bees (D:7)
  8 orc wizards
  2 hounds
  5 iguanas
  3 orc priests
  2 jellies
  Crazy Yiuf (D:5)
  A gnoll shaman (D:5)
  A worker ant (D:5)
  A killer bee zombie (D:7)
  Ijyb (D:2)
  14 gnolls
  5 adders
  2 shadow imps
  A giant mite (D:4)
  An inept feature mimic (D:4)
  5 worms
  3 oozes
  30 orcs
  A bat skeleton (D:5)
  8 goblins
  9 hobgoblins
  8 jackals
  A quokka (D:5)
  2 ball pythons (D:4)
  10 bats
  3 giant cockroaches
  2 giant geckos
  2 giant gecko skeletons
  3 giant newts
  A giant spore (D:5)
  A hobgoblin skeleton (D:4)
  11 kobolds
  7 rats
166 creatures vanquished.

Notes
Turn   | Place    | Note
--------------------------------------------------------------
     0 | D:1      | Afay, the Merfolk Transmuter, began the quest for the Orb.
     0 | D:1      | Reached XP level 1. HP: 15/15 MP: 3/3
   489 | D:1      | Reached XP level 2. HP: 16/21 MP: 2/4
  1201 | D:2      | Reached XP level 3. HP: 14/26 MP: 6/6
  1472 | D:2      | Learned a level 3 spell: Spider Form
  1557 | D:2      | Found a radiant altar of Vehumet.
  1647 | D:2      | Found an iron altar of Okawaru.
  1647 | D:2      | Found a basalt altar of Yredelemnul.
  1680 | D:2      | Noticed Ijyb
  1692 | D:2      | Killed Ijyb
  1692 | D:2      | Reached skill level 1 in Stealth
  1854 | D:2      | Reached XP level 4. HP: 32/32 MP: 0/8
  2456 | D:3      | Reached skill level 4 in Transmutations
  2536 | D:3      | Found a glowing golden altar of the Shining One.
  2756 | D:3      | Reached XP level 5. HP: 37/37 MP: 3/9
  3047 | D:3      | Noticed PolkaDot's ghost (average DrTm)
  3299 | D:4      | Found Cyma's Jewellery Shop.
  3308 | D:4      | Found a stormy altar of Qazlal.
  3411 | D:4      | Found Cainal's Book Boutique.
  3532 | D:4      | Found Wouthudgh's General Store.
  3539 | D:4      | Wouthudgh's General Store was a mimic.
  4128 | D:4      | Reached skill level 5 in Dodging
  4128 | D:4      | Reached XP level 6. HP: 33/44 MP: 3/11
  4177 | D:4      | Reached skill level 1 in Poison Magic
  4859 | D:3      | Killed PolkaDot's ghost
  4859 | D:3      | Reached skill level 5 in Transmutations
  4896 | D:4      | Reached skill level 6 in Dodging
  5025 | D:5      | Entered Level 5 of the Dungeon
  5055 | D:5      | Found a white marble altar of Elyvilon.
  5108 | D:5      | Found an ancient bone altar of Kikubaaqudgha.
  5110 | D:5      | Got a distressingly furry scale mail
  5174 | D:5      | Found Vaud's Assorted Antiques.
  5189 | D:5      | Reached XP level 7. HP: 39/51 MP: 10/14
  5199 | D:5      | Bought a scroll labeled CLIEDI GHIYTWO for 20 gold pieces
  5199 | D:5      | Bought a scroll labeled DOYM TOF SKOSHU for 20 gold pieces
  5199 | D:5      | Bought a scroll labeled PNIUXT TWEO for 20 gold pieces
  5199 | D:5      | Bought a scroll labeled GHEONI PNIOSA for 20 gold pieces
  5199 | D:5      | Bought a scroll labeled IRACOAQEWN for 20 gold pieces
  5286 | D:5      | Noticed Blork the orc
  5299 | D:5      | Killed Blork the orc
  5637 | D:5      | Noticed Crazy Yiuf
  5645 | D:5      | Killed Crazy Yiuf
  5721 | D:5      | Reached skill level 7 in Dodging
  5883 | D:5      | Reached XP level 8. HP: 51/58 MP: 12/16
  5922 | D:5      | Found a staircase to the Ecumenical Temple.
  5928 | Temple   | Entered the Ecumenical Temple
  5949 | Temple   | Became a worshipper of Makhleb the Destroyer
  6859 | D:5      | Acquired Makhleb's first power
  7102 | D:6      | Found a shattered altar of Ashenzari.
  7129 | D:6      | Reached skill level 8 in Dodging
  7439 | D:6      | Noticed an angel
  7440 | D:6      | Found a shimmering altar of Xom.
  7440 | D:6      | Found a glowing silver altar of Zin.
  8069 | D:7      | Acquired Makhleb's second power
  8096 | D:7      | Reached skill level 5 in Unarmed Combat
  8105 | D:7      | Reached XP level 9. HP: 33/66 MP: 11/18
  8240 | D:7      | HP: 3/67 [poisoned by a killer bee]
  8572 | D:7      | HP: 1/67 [killer bee (9)]
  8573 | D:7      | Slain by a killer bee

Action                   |  1- 3 |  4- 6 |  7- 9 || total
-------------------------+-------+-------+-------++-------
Melee: Unarmed           |   104 |   232 |   310 ||   646
 Cast: Beastly Appendage |     4 |       |       ||     4
       Spider Form       |     3 |    25 |    28 ||    56
  Use: Potion            |     1 |     2 |     2 ||     5
       Scroll            |       |     3 |     7 ||    10
 Stab: Sleeping          |     1 |     1 |     2 ||     4
  Eat: Chunk             |     3 |    12 |    14 ||    29
       Pizza             |       |     1 |       ||     1
       Royal jelly       |       |     1 |       ||     1
